 Dungeon Crawl Stone Soup version 0.29.1-14-g9c671dbff4 (webtiles) character file.

Game seed: 12093017890730456872

4 leafyfresh the Sneak (level 1, -3/16 HPs)
             Began as an Octopode Delver on Feb 20, 2023.
             Slain by a water moccasin (9 damage)
             ... on level 5 of the Dungeon.
             The game lasted 00:00:17 (84 turns).

leafyfresh the Sneak (Octopode Delver)                Turns: 84, Time: 00:00:19

Health: -3/16      AC:  1    Str: 11    XL:     1   Next: 60%
Magic:  1/1        EV: 13    Int: 12    God:
Gold:   0          SH:  0    Dex: 13    Spells: 0/0 levels left

rFire   . . .      SeeInvis .   a - +0 short sword
rCold   . . .      Faith    .   (no shield)
rNeg    . . .      Spirit   .   (helmet restricted)
rPois   .          Reflect  .   (no amulet)
rElec   .          Harm     .   (no ring)
rCorr   .          Rampage  .   (no ring)
Will    .....                   (no ring)
Stlth   ++++......              (no ring)
HPRegen 0.05/turn               (no ring)
MPRegen 0.07/turn               (no ring)
                                (no ring)
                                (no ring)

@: lethally poisoned (-3 -> -17)
A: almost no armour, amphibious, 8 rings, camouflage 1, gelatinous body 1,
(nimble swimmer 1), tentacles
a: no special abilities


You were on level 5 of the Dungeon.
You visited 1 branch of the dungeon, and saw 1 of its levels.

Inventory:

Hand Weapons
 a - a +0 short sword (weapon)
Wands
 f - a wand of digging (3)
Scrolls
 b - a scroll of fog
 c - a scroll of magic mapping
 d - a scroll of fear
Potions
 e - a potion of haste
 g - a potion of heal wounds {unknown}
 h - 2 potions of attraction {unknown}
 i - a potion of brilliance {unknown}


   Skills:
 + Level 3.0 Fighting
 + Level 2.1 Short Blades
 + Level 2.1 Dodging
 + Level 6.6 Stealth


You couldn't memorise any spells.
You didn't know any spells.
Your spell library was empty.

Dungeon Overview and Level Annotations

Branches:
Dungeon (5/15)
 Temple: D:4-7

Altars:


Innate Abilities, Weirdness & Mutations

You cannot wear most types of armour.
You are amphibious.
You can wear up to eight rings at the same time.
Your skin changes colour to match your surroundings (Stealth+).
Your rubbery body absorbs attacks. (AC +1, EV +1)
((You are camouflaged when in or above water. (Stealth+)))
You have tentacles for arms and can constrict up to eight enemies at once.


Message History

You kill the orc!
No target in view!
i - a cyan potion
Found a spear.
No target in view!
You see here a +0 spear.
Found 6 stones.
No target in view!
You see here 6 stones.
You open the door.
A water moccasin and 4 jackals come into view.
The jackal moves out of view.
There is an open door here.
There are monsters nearby!
Unknown command.
The water moccasin hisses angrily.
The jackal barks! x2; You hear a bark!
You see here 6 stones.
You don't know any spells.
Sorry, you're not good enough to have a special ability.
Unknown command.
Unknown command.
You miss the water moccasin. You grab the water moccasin.
You squeeze the water moccasin.
The water moccasin is lightly wounded.
You constrict the water moccasin. The water moccasin closely misses you.
The water moccasin barely misses you.
Unknown command.
You hit the water moccasin.
The water moccasin is lightly wounded.
You constrict the water moccasin, but do no damage.
The water moccasin bites you.
You are lethally poisoned!
The water moccasin poisons you!
You hit the water moccasin but do no damage.
The water moccasin is lightly wounded.
You constrict the water moccasin.
You feel very sick. The water moccasin bites you!
Ouch! That really hurt!
You die...

#.)....########
#[.....#......#
#......#......# ######
#......#......# #.....
#......').....#
#.....########.#......#
+.....h.(hh# #.#.######
#.....####S# #.#.#
#..... #@###.#.# #....h
#.)##.#)# ######
##.##.#.####..
###.............
................>...
###########.####..##
#######..#.# .#
#........#.#..#
#.######......#


You could see a water moccasin and 2 jackals.

Vanquished Creatures
  2 orcs (D:5)
2 creatures vanquished.

Notes
Turn   | Place    | Note
-------+----------+-------------------------------------------
     0 | D:5      | leafyfresh the Octopode Delver began the quest for the Orb.
     0 | D:5      | Reached XP level 1. HP: 16/16 MP: 1/1
    75 | D:5      | Noticed a water moccasin
    84 | D:5      | Slain by a water moccasin

Illustrated notes

Levels and vault maps discovered:
D:5:      layout_basic, temple_pool_b

Action                   || total
-------------------------++-------
Melee: Short sword       ||     5
       Constrict         ||     2
       Tentacles         ||     2
 Stab: Sleeping          ||     1
Dodge: Dodged            ||     2
